Map: 엔디온 잔해

Players

llllllllllll - Winner!

  • Race: Terran Terran
  • League: Grandmaster

llllllllllll (Scarlett)

  • Race: Zerg Zerg
  • League: Grandmaster

VOD

Have the link to the VOD?

Description

Time

  • Played on: April 10, 2016, 4:01 a.m.
  • Length: 12:03
Show
View Real Time Build Order
Export as new Build Order

llllllllllll Terran - Winner!

Build Orders: MMM Bio 

Get SALT Encoding   

  12  0:00  SCV  
  13  0:12  SCV  
  14  0:17  Supply Depot  
  14  0:25  SCV  
  15  0:39  SCV  
  15  0:40  Barracks  
  16  0:43  Refinery  
  16  0:51  SCV  
  17  0:59  Barracks  
  17  1:03  SCV  
  18  1:16  Barracks  
  18  1:19  SCV  
  18  1:25  Refinery  
  19  1:30  Reaper  
  20  1:35  SCV  
  21  1:44  Supply Depot  
  21  1:47  Reaper  
  22  1:58  Orbital Command  
  22  2:03  Reaper  
  22  2:08  Reaper  
  24  2:19  Reaper  
  25  2:35  Reaper  
  25  2:36  SCV  
  27  2:40  Reaper  
  27  2:43  Supply Depot  
  28  2:50  SCV  
  30  3:03  SCV  
  31  3:14  Command Center  
  31  3:17  Barracks Tech Lab  
  31  3:18  SCV  
  32  3:20  Barracks Reactor  
  32  3:21  Barracks Reactor  
  30  3:30  SCV  
  30  3:31  Factory  
  30  3:43  SCV, Stimpack  
  30  3:44  Marine  
  30  3:47  Supply Depot  
  32  3:55  SCV  
  33  4:04  Marine x5  
  33  4:07  SCV  
  39  4:17  Starport, Factory Reactor  
  39  4:19  SCV  
  40  4:31  SCV  
  41  4:35  Marine x5  
  46  4:44  Orbital Command  
  46  4:48  SCV  
  47  5:00  SCV, Medivac x2  
  47  5:01  Marine  
  47  5:02  Marine x4  
  47  5:06  Supply Depot  
  57  5:12  SCV  
  58  5:15  SCV  
  58  5:19  Engineering Bay  
  58  5:20  Engineering Bay  
  59  5:24  SCV  
  59  5:27  SCV  
  61  5:36  SCV  
  61  5:39  SCV  
  63  5:48  SCV  
  64  5:51  SCV, Command Center  
  65  6:00  Marine x4, SCV, Combat Shields  
  70  6:06  Marine, SCV  
  66  6:12  SCV  
  66  6:15  Terran Infantry Armor Level 1, Terran Infantry Weapons Level 1  
  66  6:16  Factory Tech Lab  
  66  6:18  SCV  
  67  6:24  Supply Depot  
  67  6:25  SCV  
  68  6:26  Barracks  
  68  6:27  Refinery x2  
  68  6:29  Barracks  
  68  6:30  SCV  
  69  6:37  SCV  
  70  6:45  SCV, Siege Tank  
  74  6:49  SCV  
  74  6:53  Marine x3, Marauder  
  74  6:54  Marine  
  78  6:59  SCV  
  78  7:03  SCV, Orbital Command  
  78  7:05  Medivac x2  
  78  7:07  Supply Depot  
  83  7:11  SCV  
  83  7:15  SCV  
  85  7:23  SCV  
  85  7:27  SCV, Barracks Tech Lab, Marauder  
  85  7:28  Barracks Tech Lab  
  85  7:29  Siege Tank  
  92  7:30  Marine x4  
  92  7:36  SCV x2  
  98  7:39  SCV, Supply Depot  
  98  7:41  Supply Depot, Armory  
  99  7:47  Supply Depot  
  99  7:48  SCV x2, Supply Depot  
  99  7:50  Concussive Shells  
  101  7:56  Supply Depot  
  101  8:00  Marine x3  
  101  8:01  SCV, Marauder x2  
  101  8:02  Marine, Siege Tank  
  101  8:03  Marauder  
  113  8:09  Missile Turret  
  113  8:10  SCV x2  
  115  8:15  Missile Turret  
  115  8:16  Missile Turret  
  115  8:25  Marine x2, Marauder x3  
  115  8:26  Supply Depot  
  123  8:27  Supply Depot  
  123  8:28  Supply Depot  
  123  8:32  SCV x2  
  124  8:36  Missile Turret  
  123  8:41  Marine x2  
  123  8:44  Terran Infantry Weapons Level 2, Terran Infantry Armor Level 2  
  124  8:53  Marauder  
  124  8:54  Marine x2, Marauder x2  
  132  8:58  Siege Tank  
  133  9:12  Medivac x2  
  130  9:18  Marauder  
  130  9:19  Marine x4, Marauder x2  
  130  9:22  Supply Depot  
  130  9:23  Supply Depot, Terran Vehicle Weapons Level 1  
  140  9:25  Missile Turret  
  140  9:30  Missile Turret  
  139  9:35  Siege Tank  
  139  9:36  Marine  
  139  9:37  Marine x3  
  146  9:38  Refinery  
  146  9:39  Refinery  
  146  9:40  Marauder x3  
  150  9:54  Marine x3  
  150  9:55  Marine  
  150  10:01  Marine x3  
  149  10:07  Siege Tank  
  149  10:08  Medivac x2  
  149  10:12  Marine x4  
  158  10:18  Marine  
  158  10:19  Marine x2  
  161  10:30  Marine x4  
  165  10:36  Marine  
  165  10:37  Marine x2  
  165  10:38  Medivac x2  
  172  10:48  Marine x4  
  176  10:52  Supply Depot  
  176  10:53  Supply Depot  
  176  10:54  Marine x3  
  173  11:05  Marine  
  173  11:06  Marine x2  
  173  11:07  Marine  
  173  11:12  Marine x3  
  169  11:20  Siege Tank  
  169  11:23  Marine x3  
  169  11:24  Barracks  
  169  11:25  Marine, Barracks x2  
  169  11:26  Factory  
  169  11:30  Marine x3  
  142  11:41  Marine x3  
  142  11:43  Marine  
Show
View Real Time Build Order
Export as new Build Order

llllllllllll Zerg 

Build Orders: Hatch First, Muta Ling Bane 

Get SALT Encoding   

  12  0:00  Drone  
  13  0:08  Drone  
  14  0:19  Overlord  
  14  0:26  Drone, Extractor  
  15  0:38  Drone x2  
  17  0:52  Hatchery  
  17  0:56  Drone  
  17  1:01  Drone  
  18  1:12  Spawning Pool  
  18  1:15  Extractor  
  18  1:16  Drone  
  17  1:19  Drone  
  18  1:30  Drone  
  19  1:39  Overlord  
  19  1:59  Queen  
  19  2:00  Zergling x4  
  23  2:01  Roach Warren  
  23  2:04  Queen  
  24  2:10  Drone  
  25  2:18  Zergling x4  
  25  2:20  Drone  
  28  2:27  Overlord  
  28  2:35  Queen  
  30  2:51  Roach x2  
  34  2:54  Roach x2  
  38  3:01  Roach  
  40  3:06  Overlord  
  40  3:17  Ravager  
  41  3:24  Drone, Ravager  
  41  3:25  Drone x3  
  46  3:31  Drone x2  
  48  3:38  Overlord  
  48  3:45  Drone  
  49  3:48  Overlord  
  49  3:51  Ravager  
  49  3:52  Drone x2  
  52  3:57  Extractor  
  51  4:05  Drone x3  
  51  4:06  Drone x2  
  51  4:07  Drone  
  51  4:08  Drone  
  58  4:16  Drone  
  59  4:18  Overlord  
  59  4:23  Drone x2  
  61  4:26  Overlord  
  61  4:30  Drone  
  61  4:31  Drone  
  63  4:35  Overlord  
  63  4:43  Hatchery  
  63  4:45  Drone  
  63  4:48  Drone x2  
  65  4:56  Drone x4  
  69  5:02  Drone x2  
  69  5:04  Lair  
  69  5:06  Extractor  
  70  5:08  Extractor  
  69  5:16  Overlord  
  69  5:19  Drone x3  
  72  5:24  Evolution Chamber, Drone x2  
  72  5:25  Evolution Chamber  
  72  5:32  Drone  
  72  5:34  Drone  
  72  5:35  Drone x3  
  76  5:36  Drone  
  76  5:41  Metabolic Boost  
  78  5:46  Drone x3  
  81  5:51  Roach  
  81  5:52  Zerg Missile Weapons Level 1, Zerg Ground Armor Level 1  
  83  6:01  Roach x2  
  83  6:02  Roach  
  89  6:11  Drone x4  
  89  6:22  Spire  
  88  6:33  Hatchery  
  88  6:35  Drone x3  
  88  6:36  Drone  
  90  6:43  Glial Reconstitution  
  87  6:53  Hatchery  
  85  6:57  Drone x5  
  85  6:58  Drone x3  
  85  7:00  Extractor  
  91  7:02  Extractor  
  91  7:06  Drone x3  
  91  7:07  Drone  
  94  7:18  Roach x2  
  94  7:21  Overlord  
  98  7:29  Overlord  
  98  7:30  Overlord x2  
  98  7:35  Overseer  
  98  7:36  Mutalisk  
  100  7:40  Mutalisk x2  
  100  7:41  Mutalisk  
  100  7:44  Mutalisk  
  106  7:46  Hatchery  
  106  7:48  Zerg Flyer Weapons Level 1  
  106  7:50  Zergling x2  
  108  7:55  Zergling x4  
  111  7:58  Drone x2  
  111  8:02  Zerg Melee Weapons Level 1  
  109  8:08  Zergling x12  
  115  8:20  Baneling Nest, Drone  
  115  8:21  Drone x2, Queen  
  119  8:29  Pneumatized Carapace  
  119  8:31  Overseer  
  119  8:32  Mutalisk x3  
  125  8:34  Drone  
  125  8:35  Drone x5  
  131  8:49  Zerg Ground Armor Level 2  
  131  8:52  Hatchery, Mutalisk  
  131  8:54  Overlord x2  
  131  8:55  Overlord  
  132  8:57  Overlord x2  
  132  9:01  Zergling x6  
  135  9:04  Mutalisk  
  133  9:11  Drone x6  
  133  9:12  Extractor  
  137  9:18  Queen  
  137  9:20  Spine Crawler  
  137  9:21  Drone x2  
  137  9:23  Mutalisk  
  137  9:24  Spore Crawler  
  141  9:30  Drone x3  
  144  9:32  Drone x2, Spine Crawler, Extractor  
  144  9:33  Drone  
  145  9:40  Mutalisk x2  
  145  9:41  Mutalisk x3  
  145  9:43  Zergling x4  
  157  9:46  Centrifical Hooks  
  157  9:49  Zergling x4  
  159  9:56  Zergling x14  
  166  10:07  Baneling x16  
  166  10:08  Zergling x14  
  171  10:14  Zergling x6  
  171  10:16  Ravager x2  
  176  10:21  Overlord x2  
  173  10:41  Zergling x2  
  173  10:42  Zergling x20  
  183  10:51  Ravager x5  
  183  10:52  Infestation Pit, Zergling x6  
  183  10:53  Zergling x4  
  192  11:02  Zergling x10  
  194  11:08  Zergling x6  
  141  11:33  Zergling x2  
  141  11:34  Zergling x24  
  151  11:40  Baneling  
  151  11:41  Baneling  
  151  11:43  Zergling x16  
Tags
 
Add a new tag
Caveats
  • Supply blocks, unpowered buildings, or Contaminate may cause inaccurate times.
  • Supply counts are checked every 10 seconds.